 Dungeon Crawl Stone Soup version 0.30.1-4-g462c640d31 (webtiles) character file.

Game seed: 6441817438837091121

53 Bobit the Thaumaturge (level 3, 0/28 HPs)
             Began as a Gnoll Wanderer on Aug 13, 2023.
             Succumbed to an adder's poison
             ... on level 1 of the Dungeon.
             The game lasted 00:03:07 (1030 turns).

Bobit the Thaumaturge (Gnoll Wanderer)              Turns: 1030, Time: 00:03:08

Health: 0/28       AC:  5    Str: 17    XL:     3   Next: 89%
Magic:  13/13      EV: 10    Int:  9    God:
Gold:   67         SH:  0    Dex:  9    Spells: 19/20 levels left

rFire   . . .        a - +3 sling
rCold   . . .        (no shield)
rNeg    . . .        g - +0 ring mail
rPois   .            (no helmet)
rElec   .            (no cloak)
rCorr   .            (no gloves)
SInv    .            (no boots)
Will    .....        (no amulet)
Stlth   +            (no ring)
HPRegen 0.24/turn    (no ring)
MPRegen 0.13/turn

%: no passive effects
@: lethally poisoned (0 -> -4)
A: fangs 1, strong nose, distributed training
a: no special abilities


You were on level 1 of the Dungeon.
You visited 1 branch of the dungeon, and saw 2 of its levels.

You collected 67 gold pieces.

Inventory:

Hand Weapons
 a - a +3 sling (weapon)
Armour
 c - a +0 leather armour
 g - a +0 ring mail (worn)
Scrolls
 d - 2 scrolls of identify {unknown}
 e - a scroll of teleportation {unknown}
 f - a scroll of brand weapon {unknown}
Potions
 b - a potion of lignification
 h - a potion of heal wounds {unknown}


   Skills:
 + Level 2.7 Fighting
 + Level 1.0 Short Blades
 + Level 1.0 Long Blades
 + Level 1.0 Axes
 + Level 1.0 Maces & Flails
 + Level 1.0 Polearms
 + Level 1.0 Staves
 + Level 4.6 Ranged Weapons
 + Level 1.0 Throwing
 + Level 1.0 Armour
 + Level 1.0 Dodging
 + Level 2.5 Stealth
 + Level 1.0 Shields
 + Level 1.0 Unarmed Combat
 + Level 9.3 Spellcasting
 + Level 0.7 Conjurations
 + Level 0.7 Hexes
 + Level 0.7 Summonings
 + Level 0.7 Necromancy
 + Level 0.7 Translocations
 + Level 0.7 Transmutations
 + Level 0.7 Fire Magic
 + Level 0.7 Ice Magic
 + Level 0.7 Air Magic
 + Level 0.7 Earth Magic
 + Level 0.7 Poison Magic
 + Level 1.1 Invocations
 + Level 4.6 Evocations


You had 19 spell levels left.
You knew the following spells:

 Your Spells              Type           Power      Damage    Failure   Level
a - Slow                  Hex            20%        N/A       22%         1

Your spell library contained the following spells:

 Spells                   Type           Power      Damage    Failure   Level
 Portal Projectile        Hex/Tloc       10%        N/A       54%         3


Dungeon Overview and Level Annotations

Branches:
Dungeon (2/15)

Altars:


Innate Abilities, Weirdness & Mutations

You have very sharp teeth.
Your uncanny sense of smell can sniff out nearby items.
Your experience applies equally to all skills.


Message History

You shoot a sling bullet. The sling bullet hits the adder.
The adder is severely wounded.
The adder barely misses you. The goblin hits you but does no damage.
The adder bites you but does no damage.
You shoot a sling bullet.
The sling bullet barely misses the adder.
The goblin hits you with a +0 vampiric dagger.
The adder bites you but does no damage. The goblin hits you but does no damage.
You shoot a sling bullet. The sling bullet misses the adder.
The adder bites you.
You are poisoned.
The adder poisons you! The adder misses you. The goblin barely misses you.
You shoot a sling bullet.
The sling bullet closely misses the adder.
You feel sick. The adder bites you.
The goblin hits you with a +0 vampiric dagger.
The adder bites you.
You are more poisoned.
The adder poisons you!
You are too injured to fight recklessly!
You shoot a sling bullet.
The sling bullet hits the adder but does no damage.
The adder is severely wounded.
You feel very sick. The goblin barely misses you. The adder barely misses you.
You can't go down here!
You can't go down here!
You feel sick. The adder bites you.
* * * LOW HITPOINT WARNING * * *
You are more poisoned.
The adder poisons you! The goblin barely misses you.
You climb upwards.
* * * LOW HITPOINT WARNING * * *
You feel very sick.
There is a stone staircase leading down here.
* * * LOW HITPOINT WARNING * * *
You feel sick. The adder barely misses you.
* * * LOW HITPOINT WARNING * * *
You feel sick.
You die...

#.# #.......#
############.############..##.#.#
..)........................##.#.#
..######.###.####.#######.###.#.#
#.................# ##.###.#.#
...#####.###.###>g# ####...##.#.#
##.# #.# #.# #S.# #.........#..
##.# #.# #.# #..# #.##.....##.#
##.## #.# #.# #@.# #.###.#..##.#
....# #.# #.# #>.# #.# #.#.....#
##..# #.# #.# #..# #.# #.......#
##..# #.# #.###..###.###.......#
##..####.#
#..........)..รท......#
##..##...# #..........##.#......#
....##.### #..#.......##.#)......
##..##.#####.....................
#.............#.########.########


You could see an adder and a goblin.

Vanquished Creatures
  An adder (D:2)
  A gnoll (D:1)
  4 ball pythons (D:1)
  An endoplasm (D:1)
  A giant cockroach (D:1)
  4 goblins (D:1)
  4 hobgoblins (D:1)
  4 kobolds
  2 quokkas (D:1)
  6 bats (D:1)
  4 rats (D:1)
32 creatures vanquished.

Notes
Turn   | Place    | Note
-------+----------+-------------------------------------------
     0 | D:1      | Reached skill level 9 in Spellcasting
     0 | D:1      | Bobit the Gnoll Wanderer began the quest for the Orb.
     0 | D:1      | Bobit set off with the following items: a +3 sling, a
                  | potion of lignification, a +0 leather armour; and the
                  | following spell memorised: Slow; and the following spells
                  | available to memorise: Portal Projectile.
     0 | D:1      | Reached XP level 1. HP: 17/17 MP: 10/10
    95 | D:1      | Reached XP level 2. HP: 23/23 MP: 12/12
   339 | D:1      | Reached XP level 3. HP: 3/28 MP: 13/13
   582 | D:1      | Reached skill level 1 in Invocations
  1014 | D:2      | Reached skill level 1 in Short Blades
  1014 | D:2      | Reached skill level 1 in Long Blades
  1014 | D:2      | Reached skill level 1 in Axes
  1014 | D:2      | Reached skill level 1 in Maces & Flails
  1014 | D:2      | Reached skill level 1 in Polearms
  1014 | D:2      | Reached skill level 1 in Staves
  1014 | D:2      | Reached skill level 1 in Throwing
  1014 | D:2      | Reached skill level 1 in Armour
  1014 | D:2      | Reached skill level 1 in Dodging
  1014 | D:2      | Reached skill level 1 in Shields
  1014 | D:2      | Reached skill level 1 in Unarmed Combat
  1028 | D:1      | HP: 1/28 [poisoned by an adder]
  1030 | D:1      | Succumbed to an adder's poison

Illustrated notes

Levels and vault maps discovered:
D:1:      dpeg_arrival_subterranean_lakeside_camping, layout_loops_ring
D:2:      layout_rooms, minmay_misc_feat_secret_circle

Skill      XL: |  1  2  3 |
---------------+----------+-----
Spellcasting   | |  9.3
Invocations    | 1 |  1.1
Short Blades   | 1 |  1.0
Long Blades    | 1 |  1.0
Axes           | 1 |  1.0
Maces & Flails | 1 |  1.0
Polearms       | 1 |  1.0
Staves         | 1 |  1.0
Throwing       | 1 |  1.0
Armour         | 1 |  1.0
Dodging        | 1 |  1.0
Shields        | 1 |  1.0
Unarmed Combat | 1 |  1.0
Fighting       | |  2.7
Ranged Weapons | |  4.6
Stealth        | |  2.5
Conjurations   | |  0.7
Hexes          | |  0.7
Summonings     | |  0.7
Necromancy     | |  0.7
Translocations | |  0.7
Transmutations | |  0.7
Fire Magic     | |  0.7
Ice Magic      | |  0.7
Air Magic      | |  0.7
Earth Magic    | |  0.7
Poison Magic   | |  0.7
Evocations     | |  4.6

Action                     || total
---------------------------++-------
   Fire: Sling             ||   112
 Armour: Leather armour    ||    13
         Ring mail         ||    18
  Dodge: Dodged            ||    52
